 Dungeon Crawl Stone Soup version 0.28.0 (webtiles) character file.

Game seed: 5270116336455189002

3308 Host24 the Quickloader (level 10, -14/63 HPs)
             Began as a Kobold Hunter on Mar 11, 2022.
             Was a Priest of Okawaru.
             Shot with a bolt by an orc warlord (37 damage)
             ... in a bailey.
             The game lasted 00:28:47 (9542 turns).

Host24 the Quickloader (Kobold Hunter)              Turns: 9542, Time: 00:28:48

Health: -14/63     AC: 12    Str: 13    XL:     10   Next: 21%
Magic:  14/15      EV: 21    Int: 13    God:    Okawaru [***...]
Gold:   292        SH:  0    Dex: 16    Spells: 9/9 levels left

rFire   . . .      SeeInvis .   a - +1 hand crossbow
rCold   . . .      Faith    .   (no shield)
rNeg    . . .      Spirit   .   c - +3 leather armour
rPois   .          Reflect  .   (no helmet)
rElec   .          Harm     .   x - +2 cloak of Vehumet's Grace {Slay+6}
rCorr   .          Rampage  .   n - +0 pair of gloves
Will    .....                   D - +0 pair of boots
Stlth   +++++.....              (no amulet)
HPRegen 0.20/turn               (no ring)
MPRegen 0.14/turn               (no ring)

@: heroic
A: small, no large weapons, nightstalker 3
a: Renounce Religion, Heroism


You were in a bailey.
You worshipped Okawaru.
Okawaru was most pleased with you.
You visited 1 branch of the dungeon, and saw 7 of its levels.
You also visited: Sewer and Bailey.

You collected 292 gold pieces.

Inventory:

Hand Weapons
 a - a +1 hand crossbow (weapon)
 q - a +3 dagger of venom
Missiles
 d - 53 bolts (quivered ammo)
 e - 236 stones
 g - 52 arrows
 i - 19 poisoned darts
 u - 35 sling bullets
 E - 5 boomerangs
Armour
 c - a +3 leather armour (worn)
 n - a +0 pair of gloves (worn)
 x - the +2 cloak of Vehumet's Grace (worn) {Slay+6}
   (You found it on level 4 of the Dungeon)

   Slay:      It affects your accuracy & damage with ranged weapons and melee
   (+6).
 D - a +0 pair of boots (worn)
 F - a +3 chain mail of fire resistance
 G - +0 acid dragon scales
Scrolls
 f - 2 scrolls of blinking {unknown}
 h - 2 scrolls of magic mapping {unknown}
 o - 4 scrolls of enchant weapon {unknown}
 s - a scroll of enchant armour {unknown}
 t - 3 scrolls of identify {unknown}
 v - a scroll of summoning {unknown}
 w - 3 scrolls of teleportation {unknown}
 y - 2 scrolls of vulnerability {unknown}
 z - a scroll of fog {unknown}
 A - 3 scrolls of fear {unknown}
Potions
 j - a potion of berserk rage {unknown}
 k - 3 potions of flight {unknown}
 l - a potion of brilliance {unknown}
 m - 3 potions of curing {unknown}
 p - 3 potions of heal wounds {unknown}
 r - a potion of ambrosia {unknown}
 B - a potion of cancellation {unknown}
 C - a potion of attraction {unknown}


   Skills:
 - Level 7.0(12.0) Fighting
 + Level 11.2(16.2) Crossbows
 - Level 7.2(12.2) Dodging
 - Level 3.2(8.2) Stealth
 - Level 7.0 Invocations


You had 9 spell levels left.
You didn't know any spells.
Your spell library contained the following spells:

 Spells                   Type           Power      Damage    Failure   Level
 Ensorcelled Hibernation  Hex/Ice        0%         N/A       50%         2
 Passwall                 Tmut/Erth      0%         N/A       50%         2
 Swiftness                Air            0%         N/A       75%         3
 Petrify                  Tmut/Erth      0%         N/A       98%         4
 Metabolic Englaciation   Hex/Ice        0%         N/A       100%        5
 Statue Form              Tmut/Erth      0%         N/A       100%        6


Dungeon Overview and Level Annotations

Branches:
Dungeon (7/15)             Temple (0/1) D:4           Sewer (visited)
 Bailey (1/1)

Altars:
Ashenzari
Cheibriados
Gozag
Hepliaklqana
Nemelex Xobeh
Okawaru
Qazlal
Trog
Wu Jian
Xom

Annotations:
D:4 Grinder


Innate Abilities, Weirdness & Mutations

You are small and have problems with some larger weapons.
You are completely attuned to the shadows.


Message History

You shoot a bolt. The bolt hits the orc warlord!
The orc warlord is heavily wounded.
The orc warlord shoots a bolt.
The bolt misses you.
Fire: 59 bolts
Press: ? - help, Q - select action, (/) - cycle Shift-Dir - straight line, f/p - orc warlord
Aim: an orc warlord, wielding a +0 arbalest, wearing a +1 chain mail of fire resistance and quivering bolts (heavily wounded, 81% to hit)
You shoot a bolt. The bolt hits the orc warlord.
The orc warlord is heavily wounded.
The orc warlord shoots a bolt.
The bolt closely misses you.
Fire: 58 bolts
Press: ? - help, Q - select action, (/) - cycle Shift-Dir - straight line, f/p - orc warlord
Aim: an orc warlord, wielding a +0 arbalest, wearing a +1 chain mail of fire resistance and quivering bolts (heavily wounded, 81% to hit)
You shoot a bolt.
The bolt hits the orc warlord but does no damage.
The orc warlord is heavily wounded.
The orc warlord shoots a bolt.
The bolt hits you!
Fire: 57 bolts
Press: ? - help, Q - select action, (/) - cycle Shift-Dir - straight line, f/p - orc warlord
Aim: an orc warlord, wielding a +0 arbalest, wearing a +1 chain mail of fire resistance and quivering bolts (heavily wounded, 81% to hit)
You shoot a bolt. The bolt barely misses the orc warlord.
The orc warlord shoots a bolt.
The bolt completely misses you.
Fire: 56 bolts
Press: ? - help, Q - select action, (/) - cycle Shift-Dir - straight line, f/p - orc warlord
Aim: an orc warlord, wielding a +0 arbalest, wearing a +1 chain mail of fire resistance and quivering bolts (heavily wounded, 81% to hit)
You shoot a bolt. The bolt barely misses the orc warlord.
The orc warlord shoots a bolt.
The bolt barely misses you.
Fire: 55 bolts
Press: ? - help, Q - select action, (/) - cycle Shift-Dir - straight line, f/p - orc warlord
Aim: an orc warlord, wielding a +0 arbalest, wearing a +1 chain mail of fire resistance and quivering bolts (heavily wounded, 81% to hit)
You shoot a bolt. The bolt hits the orc warlord.
The orc warlord is heavily wounded.
The orc warlord shoots a bolt.
The bolt hits you!
Fire: 54 bolts
Press: ? - help, Q - select action, (/) - cycle Shift-Dir - straight line, f/p - orc warlord
Aim: an orc warlord, wielding a +0 arbalest, wearing a +1 chain mail of fire resistance and quivering bolts (heavily wounded, 81% to hit)
You shoot a bolt. The bolt hits the orc warlord.
The orc warlord is heavily wounded.
The orc warlord shoots a bolt.
The bolt hits you!!!
Ouch! That really hurt!
You die...

#.........#.....
##.....))..##88.8
#.....⌠)....###g#
##.........##
#.........#
##.......## #......(#
##.).o(## ##@#### #
##.....## ## #..)....#
#. ##....)..## ##.
#.........# #..
##.........## ##..
#.....⌠.)...#######...
##.........##.....##..
#.........#.......#..


You could see an orc warlord.

Vanquished Creatures
  Maggie (D:6)
  Prince Ribbit (D:6)
  Sigmund (D:5)
  Menkaure (D:4)
  Edmund (D:5)
  A sky beast (D:6)
  9 orc warriors (Bailey)
  A black bear (D:4)
  A necrophage (D:5)
  4 ogres
  A phantom (D:4)
  Blork the orc (D:6)
  2 bullfrogs (Sewer)
  A wyvern zombie (D:6)
  A howler monkey (D:6)
  2 bullfrog zombies
  2 hounds (D:6)
  A centaur skeleton (D:6)
  2 iguanas
  A hound skeleton (D:4)
  5 gnolls (Bailey)
  8 adders
  6 river rats
  A shadow imp (D:6)
  A white imp (D:7)
  An ufetubus (D:5)
  2 adder skeletons (D:4)
  6 worms
  A dart slug (D:4)
  20 orcs
  9 endoplasms
  5 giant cockroaches
  10 goblins
  14 hobgoblins
  2 jackals
  7 quokkas
  18 ball pythons
  6 bats
  4 frilled lizards
  8 kobolds
  34 rats
203 creatures vanquished.

Vanquished Creatures (others)
  3 plants (D:4)
3 creatures vanquished.

Grand Total: 206 creatures vanquished

Notes
Turn   | Place    | Note
-------+----------+-------------------------------------------
     0 | D:1      | Host24 the Kobold Hunter began the quest for the Orb.
     0 | D:1      | Reached XP level 1. HP: 12/12 MP: 1/1
   105 | D:1      | Reached skill level 5 in Crossbows
   459 | D:1      | Reached XP level 2. HP: 17/18 MP: 2/2
  1053 | D:1      | Reached XP level 3. HP: 9/23 MP: 3/3
  1994 | D:2      | Found a bloodstained altar of Trog.
  2085 | D:2      | Reached XP level 4. HP: 28/28 MP: 4/4
  2170 | D:2      | Reached skill level 6 in Crossbows
  2912 | D:3      | Found a sparkling altar of Nemelex Xobeh.
  3236 | D:3      | Found a bloodstained altar of Trog.
  3237 | D:3      | Found an ornate altar of the Wu Jian Council.
  3238 | D:3      | Found a snail-covered altar of Cheibriados.
  3240 | D:3      | Found a shimmering altar of Xom.
  3242 | D:3      | Found a hazy altar of Hepliaklqana.
  3243 | D:3      | Found an opulent altar of Gozag.
  3243 | D:3      | Found an iron altar of Okawaru.
  3244 | D:3      | Found a broken altar of Ashenzari.
  3248 | D:3      | Became a worshipper of Warmaster Okawaru
  3532 | D:4      | Noticed an ogre
  3593 | D:4      | Reached XP level 5. HP: 32/32 MP: 5/5
  3609 | D:4      | Noticed a phantom
  3627 | D:4      | Found a staircase to the Ecumenical Temple.
  3633 | D:4      | Noticed a black bear
  3766 | D:4      | Noticed Menkaure
  3778 | D:4      | Killed Menkaure
  3779 | D:4      | Reached skill level 7 in Crossbows
  3779 | D:4      | Reached XP level 6. HP: 19/37 MP: 6/6
  3794 | D:4      | Noticed Grinder
  3801 | D:4      | Paralysed by Grinder for 5 turns
  4063 | D:4      | Reached * piety under Okawaru
  4064 | D:4      | Reached skill level 8 in Crossbows
  4076 | D:4      | Identified the +2 cloak of Vehumet's Grace {Slay+6}
  4368 | D:4      | Noticed an ogre
  4404 | D:4      | Killed an ogre
  4405 | D:4      | Reached skill level 9 in Crossbows
  4405 | D:4      | Reached XP level 7. HP: 21/41 MP: 7/7
  4660 | D:4      | Reached skill level 10 in Crossbows
  4984 | D:5      | Entered Level 5 of the Dungeon
  5020 | D:5      | Noticed Sigmund
  5030 | D:5      | Killed Sigmund
  5030 | D:5      | Reached ** piety under Okawaru
  5031 | D:5      | Reached XP level 8. HP: 41/48 MP: 8/8
  5188 | D:5      | Reached skill level 5 in Fighting
  5263 | D:5      | Found a glowing drain.
  5268 | Sewer    | Entered a sewer
  5476 | Sewer    | Reached skill level 1 in Invocations
  6193 | D:5      | Found a stormy altar of Qazlal.
  6611 | D:6      | Noticed Prince Ribbit
  6616 | D:6      | Killed Prince Ribbit
  6617 | D:6      | Reached skill level 5 in Invocations
  6638 | D:6      | Noticed Maggie
  6757 | D:6      | Reached XP level 9. HP: 54/54 MP: 13/13
  6800 | D:6      | Reached *** piety under Okawaru
  6810 | D:6      | Noticed Edmund
  6999 | D:6      | Reached skill level 5 in Dodging
  7797 | D:5      | Killed Edmund
  7923 | D:6      | Killed Maggie
  8014 | D:6      | Noticed Blork the orc
  8019 | D:6      | Killed Blork the orc
  8313 | D:7      | Found a flagged portal.
  8366 | Bailey   | Entered a bailey
  8991 | Bailey   | Reached XP level 10. HP: 63/63 MP: 15/15
  9162 | Bailey   | Received a gift from Okawaru
  9216 | Bailey   | Reached skill level 11 in Crossbows
  9531 | Bailey   | Noticed an orc warlord
  9542 | Bailey   | Shot with a bolt by an orc warlord

Illustrated notes

Levels and vault maps discovered:
D:1:      minmay_arrival_semitransparent, layout_basic, minmay_tromino_v4_a
D:2:      layout_basic, basic_altar
D:3:      layout_basic, nemelex_diamond_rough_becter,
          grunt_temple_overflow_open, nicolae_elevator_lobby_asterisk
D:4:      layout_basic, minmay_temple_entry_gardened_gates, uniq_menkaure,
          uniq_grinder
D:5:      layout_loops_corners, grunt_qazlal_sundering, gup_sewer_entry_spiral,
          uniq_sigmund
D:6:      layout_basic, minivault_22, uniq_edmund, uniq_maggie,
          uniq_prince_ribbit1, uniq_blork_the_orc
D:7:      layout_loops_ring, enter_bailey_2
Bailey:   bailey_axe_minmay_hex_keep, bailey

Skill      XL: |  1  2  3  4  5  6  7  8  9 10 |
---------------+-------------------------------+-----
Crossbows      | 5 6 7 9 10 11 | 11.2
Fighting       | 3 4 5 7 |  7.0
Dodging        | 3 7 |  7.2
Invocations    | 6 7 |  7.0
Stealth        | 3 |  3.2

Action                   |  1- 3 |  4- 6 |  7- 9 | 10-12 || total
-------------------------+-------+-------+-------+-------++-------
Melee: Short sword       |   117 |    51 |       |       ||   168
       Punch             |     2 |     1 |     2 |       ||     5
       Dagger            |       |    37 |   275 |    33 ||   345
 Fire: Hand crossbow     |    17 |    26 |    46 |    14 ||   103
Invok: Heroism           |       |       |     1 |     3 ||     4
  Use: Potion            |       |       |       |     1 ||     1
 Stab: Sleeping          |     8 |     8 |    14 |       ||    30
       Distracted        |       |     1 |     1 |     1 ||     3
Armor: Leather armour    |    25 |    35 |    83 |     8 ||   151
       Acid dragon scale |       |       |     4 |       ||     4
Dodge: Dodged            |    96 |    73 |   273 |    23 ||   465
